AoeStats
← CYTR.波吉

MegaRandom

506655441Analyzed
4v4 RM · 16d ago on Sep 14, 2026· 46m 1s· 8 players
Game mode
Random Map
Map size
Large (8 player)
Population
200
Speed
Normal
Resources
Standard
Victory
Conquest
Starting age
Dark Age
Ending age
Imperial Age
RankedLock teamsTeams togetherTeam positionsShared explorationLock speedFull tech treeHidden civsTurbo modeCheats
Victory
Defeat
🇨🇳 Britons · China
1361
+14
🇮🇩 Wei · Indonesia
1332
+15
1324
+15
🇹🇼 Tupi · Taiwan
1323
+15
🇴🇲 Spanish · Oman
1337
-15
🇫🇷 Vikings · France
1311
-15
🇨🇳 Wei · China
1284
-14
fengyiwui
10:10 Feudal Age
12:41 Loom
12:48 Double-Bit Axe
15:05 Castle Age
13:51 Horse Collar
15:05 Fletching
15:28 Crossbowman
20:15 Wheelbarrow
23:43 Ballistics
25:32 Padded Archer Armor
26:16 Bodkin Arrow
33:28 Imperial Age
31:14 Hand Cart
31:18 Leather Archer Armor
30:59 Town Watch
31:07 Gold Mining
31:09 Stone Mining
32:58 Heavy Plow
33:35 Bow Saw
34:03 Gold Shaft Mining
33:34 Arbalester
34:18 Bracer
35:28 Chemistry
36:05 Two-Man Saw
36:05 Elite Longbowman
37:08 Yeomen
37:21 Ring Archer Armor
38:04 Siege Engineers
39:48 Scale Barding Armor
39:55 Forging
39:08 Light Cavalry
39:48 Husbandry
39:53 Warwolf
40:14 Conscription
41:23 Chain Barding Armor
42:18 Hoardings
43:36 Plate Barding Armor
43:39 Iron Casting
46:39 Blast Furnace
CYTR.波吉
8:57 Loom
11:19 Feudal Age
15:22 Castle Age
14:25 Double-Bit Axe
15:04 Fletching
18:34 Horse Collar
20:56 Bodkin Arrow
21:01 Padded Archer Armor
24:22 Wheelbarrow
24:44 Leather Archer Armor
24:50 Town Watch
27:27 Bow Saw
26:57 Horse Collar
28:01 Ballistics
28:39 Treadmill Crane
29:16 Gold Mining
29:27 Heavy Plow
30:55 Hand Cart
35:45 Imperial Age
34:17 Town Patrol
35:48 Elite Blackwood Archer
36:49 Conscription
36:31 Bracer
37:39 Chemistry
37:58 Curare
40:56 Ring Archer Armor
45:45 Guard Tower
45:50 Murder Holes
45:46 Champi Runner
45:46 Pikeman
46:26 Squires
45:47 Elite Ibirapema Warrior
46:13 Arson
Behind You
7:07 Loom
9:38 Feudal Age
12:34 Bloodlines
12:34 Horse Collar
15:01 Castle Age
14:41 Bloodlines
17:10 Loom
21:52 Forging
21:48 Scale Barding Armor
25:46 Gold Mining
27:33 Wheelbarrow
27:58 Husbandry
30:52 Light Cavalry
32:19 Chain Barding Armor
36:42 Hand Cart
37:22 Iron Casting
38:31 Town Watch
41:23 Stone Mining
43:15 Heavy Plow
44:49 Stone Shaft Mining
45:35 Double-Bit Axe
46:20 Caravan
CYTR.波力士上帝
8:06 Loom
10:22 Feudal Age
12:13 Town Watch
15:13 Castle Age
13:59 Scale Mail Armor
14:27 Double-Bit Axe
15:01 Horse Collar
16:10 Bow Saw
18:58 Wheelbarrow
19:42 Chain Mail Armor
21:37 Fletching
23:27 Gold Mining
28:45 Forging
28:39 Squires
28:25 Arson
34:23 Pikeman
35:08 Bodkin Arrow
35:50 Iron Casting
35:49 Hand Cart
39:33 Imperial Age
38:02 Stone Mining
38:48 Gold Shaft Mining
40:04 Scale Barding Armor
41:17 Blast Furnace
40:18 Bracer
41:08 Chain Barding Armor
41:33 Bloodlines
40:45 Heavy Camel Rider
41:25 Husbandry
43:33 Heavy Plow
44:13 Conscription
43:59 Shatagni
43:25 Imperial Camel Rider
45:33 Plate Barding Armor
休眠玩家 精锐条顿骑士 一步杀十人
0:37 Loom
11:56 Feudal Age
18:34 Castle Age
16:47 Double-Bit Axe
16:47 Horse Collar
18:15 Stone Mining
20:06 Bow Saw
21:16 Heavy Plow
24:02 Gold Mining
26:14 Wheelbarrow
25:46 Fletching
26:11 Town Watch
28:26 Bodkin Arrow
31:37 Ballistics
35:33 Imperial Age
33:20 Hand Cart
34:40 Gold Shaft Mining
34:27 Husbandry
33:48 Light Cavalry
35:45 Elite War Wagon
37:51 Chemistry
37:25 Bracer
37:47 Conscription
41:46 Fortified Wall
45:21 Elite Skirmisher
icu monster
13:09 Feudal Age
17:21 Castle Age
15:36 Horse Collar
16:07 Double-Bit Axe
17:01 Gold Mining
18:48 Bloodlines
19:17 Loom
23:12 Scale Barding Armor
23:30 Forging
24:46 Wheelbarrow
26:21 Chain Barding Armor
28:09 Town Watch
30:42 Husbandry
34:49 Iron Casting
40:45 Bow Saw
41:32 Hand Cart
41:20 Heavy Plow
43:54 Light Cavalry
Pedro
0:33 Loom
10:39 Feudal Age
13:59 Fletching
15:38 Padded Archer Armor
ql7mt
0:29 Loom
11:21 Feudal Age
15:39 Castle Age
15:43 Horse Collar
23:14 Gold Mining
25:09 Double-Bit Axe
26:06 Fletching
26:19 Padded Archer Armor
28:23 Wheelbarrow
30:07 Bodkin Arrow
36:57 Ballistics
Connection lost

Rejoining the realm…

Still unreachable

The connection could not be restored.

Session expired

The server has moved on; the page needs a fresh start.